cohdb
Replays
Latest Replays
All Replays
Popular Replays
Top Player Replays
Match Explorer
How It Works
Community
CoH3 Stats
Reddit
Sign in to upload your games and track your stats! →
Sign in with Steam
Match 43680906
Unlisted
Match 43680906
Overview
Messages
Build Orders
End
Construct Barracks
Selects Armored Battlegroup
Selects Veteran Crews
Riflemen Squad
1⁄4-ton 4x4 Truck
1⁄4-ton 4x4 Truck
Riflemen Squad
Construct Weapon Support Center
Construct Weapon Support Center
Air Support Center
Engineer Squad
Construct Motor Pool
P-47 Strafing Run
M1919 Machine Gun Team
M24 Chaffee Light Tank
Grasshopper Recon Run
Selects Strength in Steel
Double Sortie
Air Supremacy
P-47 Strafing Run
Grasshopper Recon Run
Riflemen Squad
P-47 Strafing Run
P-47 Dive Bomb
Grasshopper Recon Run
M1918 Browning Automatic Rifles
P-47 Strafing Run
Grenade Package
Selects Seek and Destroy
Riflemen Squad
Engineer Squad
Grasshopper Recon Run
Selects UNKNOWN (2160077)
Construct Tank Depot
Grasshopper Recon Run
M4A3E8 Sherman Easy Eight
Engineer Squad
P-47 Strafing Run
Longbowmen80
♥ ~Lady Rytsu~ ♥
Fungers 🌹
Clara
Drink||Belzebuth
Phoenix
Valdai
Sailor
0
0
Comments
sign in to comment!
No comments posted yet!